 Dungeon Crawl Stone Soup version 0.26.1-11-gd32895ea62 (webtiles) character file.

Game seed: 2540913549069430364

403 vvl the Chiller (level 6, -2/51 HPs)
             Began as a Draconian Ice Elementalist on July 9, 2021.
             Slain by a polar bear (shapeshifter) (14 damage)
             ... led by Robin
             ... on level 3 of the Dungeon.
             The game lasted 00:11:20 (3399 turns).

vvl the Chiller (Draconian Ice Elementalist)        Turns: 3399, Time: 00:11:22

Health: -2/51      AC:  7    Str: 10    XL:     6   Next: 55%
Magic:  5/11       EV: 12    Int: 18    God:
Gold:   169        SH:  0    Dex: 11    Spells: 8/12 levels left

rFire    + . .     SeeInvis .   o - +4 quarterstaff (chaos)
rCold    x . .     Faith    .   (shield currently unavailable)
rNeg     . . .     Spirit   .   (armour unavailable)
rPois    .         Reflect  .   (helmet restricted)
rElec    .         Harm     .   g - +0 cloak
rCorr    .         Rampage  .   (no gloves)
Will     .....                  (no boots)
Stlth    ++........             (no amulet)
HPRegen  0.17/turn              l - ring of fire
MPRegen  0.12/turn              (no ring)

@: frozen ramparts
A: unfitting armour, cold-blooded, AC +6
a: no special abilities


You were on level 3 of the Dungeon.
You visited 1 branch of the dungeon, and saw 3 of its levels.

You collected 169 gold pieces.

Inventory:

Hand Weapons
 o - a +4 quarterstaff of chaos (weapon)
Armour
 g - a +0 cloak (worn)
Jewellery
 l - a ring of fire (left hand)
 u - an uncursed amulet of reflection {unknown}
 v - a +4 ring of slaying {unknown}
Wands
 q - a wand of enslavement (3)
Scrolls
 c - 4 scrolls of identify
 e - 2 scrolls of magic mapping {unknown}
 f - 3 scrolls of amnesia {unknown}
 h - a scroll of remove curse {unknown}
 i - 2 scrolls of teleportation {unknown}
 j - a scroll of enchant weapon {unknown}
 k - a scroll of blinking {unknown}
Potions
 a - 2 potions of heal wounds {unknown}
 b - 2 potions of curing
 d - a potion of degeneration {unknown}
 m - 2 potions of attraction
 n - a potion of magic {unknown}
 p - a potion of flight {unknown}
 r - a potion of lignification {unknown}
 s - a potion of might {unknown}
 t - 2 potions of resistance {unknown}


   Skills:
 + Level 3.3 Fighting
 - Level 2.0 Dodging
 - Level 2.0 Stealth
 + Level 3.5 Spellcasting
 * Level 6.2 Ice Magic


You had 8 spell levels left.
You knew the following spells:

 Your Spells              Type           Power        Failure   Level
a - Freeze                Ice            100%         1%          1
b - Frozen Ramparts       Ice            50%          3%          3

Your spell library contained the following spells:

 Spells                   Type           Power        Failure   Level
 Ozocubu's Armour         Ice            25%          3%          3
 Hailstorm                Conj/Ice       14%          38%         4
 Summon Ice Beast         Ice/Summ       14%          38%         4


Dungeon Overview and Level Annotations

Branches:
Dungeon (3/15)

Altars:
Elyvilon
Yredelemnul


Innate Abilities, Weirdness & Mutations

Your plain brown scales are hard. (AC +6)
You cannot fit into any form of body armour.
You are cold-blooded and may be slowed by cold attacks.


Message History

You hit the polar bear but do no damage.
The polar bear seems to speed up.
The polar bear is heavily wounded.
The polar bear completely resists.
The wall freezes the polar bear but does no damage.
The polar bear bites you!
* * * LOW HITPOINT WARNING * * *
The polar bear claws you but does no damage. x2
The polar bear resists.
The wall freezes the polar bear.
The polar bear completely misses you. The polar bear claws you.
* * * LOW HITPOINT WARNING * * *
The polar bear claws you but does no damage.
You feel better.
The wall freezes the polar bear but does no damage.
The polar bear bites you.
* * * LOW HITPOINT WARNING * * *
The polar bear closely misses you. The polar bear barely misses you.
The polar bear resists.
The wall freezes the polar bear.
The polar bear bites you!
You die...

#.# #..# ####..
#.. #.. ##.....
#... #... #..##)#
#.... #.##.##
##..... #[...#
#.##...# #..†###
#.....###.#
#.)##.###
#.......†.##
#.....[#
....##.#†.##
####.#.## #
#@##..#####..#.(##
#h#..........##...
#)#..........###.#
#)#..........###.#
#)#...............
..#........).##...
.##########.<...##
## ##......#
####..####..


You could see a polar bear shaped shifter (fast).

Vanquished Creatures
  Sigmund (D:3)
  Crazy Yiuf (D:2)
  Ijyb (D:3)
  Robin (D:3)
  8 adders
  3 worms
  3 dart slugs (D:1)
  2 leopard geckos
  7 orcs (D:3)
  5 giant cockroaches (D:1)
  8 goblins
  16 hobgoblins
  7 jackals
  8 kobolds
  A quokka (D:2)
  9 bats
  5 frilled lizards
  8 rats
94 creatures vanquished.

Notes
Turn   | Place    | Note
-------+----------+-------------------------------------------
     0 | D:1      | vvl the Draconian Ice Elementalist began the quest for the
                  | Orb.
     0 | D:1      | Reached XP level 1. HP: 14/14 MP: 3/3
   558 | D:1      | Reached XP level 2. HP: 22/22 MP: 1/5
   799 | D:1      | Reached skill level 1 in Fighting
  1099 | D:1      | Reached XP level 3. HP: 25/28 MP: 3/6
  1577 | D:1      | Learned a level 3 spell: Frozen Ramparts
  1909 | D:2      | Reached XP level 4. HP: 32/36 MP: 4/7
  2267 | D:2      | Found a runed translucent door.
  2268 | D:2      | Noticed Crazy Yiuf
  2668 | D:2      | Killed Crazy Yiuf
  2669 | D:2      | Reached skill level 5 in Ice Magic
  2755 | D:3      | Reached XP level 5. HP: 41/41 MP: 4/9
  2916 | D:3      | Noticed Sigmund
  2918 | D:3      | Noticed Ijyb
  2937 | D:3      | Killed Sigmund
  2938 | D:3      | Reached XP level 6. HP: 43/51 MP: 6/11
  2948 | D:3      | Killed Ijyb
  2949 | D:3      | Reached skill level 6 in Ice Magic
  3221 | D:3      | Found a white marble altar of Elyvilon.
  3303 | D:3      | Found a basalt altar of Yredelemnul.
  3377 | D:3      | Noticed Robin
  3385 | D:3      | Killed Robin
  3387 | D:3      | Noticed a shapeshifter
  3387 | D:3      | a goblin changed into a shapeshifter
  3387 | D:3      | Noticed a polar bear
  3387 | D:3      | a shapeshifter changed into a polar bear
  3399 | D:3      | Slain by a polar bear (shapeshifter)

Illustrated notes

Levels and vault maps discovered:
D:1:      dpeg_cavernosity, layout_loops_ring
D:2:      layout_basic, uniq_crazy_yiuf_cottage
D:3:      layout_rooms, kennysheep_ying_yang,
          chequers_temple_overflow_statue_of_worship, uniq_robin, uniq_ijyb,
          uniq_sigmund

Skill      XL: |  1  2  3  4  5  6 |
---------------+-------------------+-----
Stealth        | 2 |  2.0
Dodging        | 2 |  2.0
Fighting       | 1 2 3 |  3.3
Ice Magic      | 5 6 |  6.2
Spellcasting   | 3 |  3.5

Action                   |  1- 3 |  4- 6 || total
-------------------------+-------+-------++-------
Melee: Unarmed           |    56 |       ||    56
       Tailslap          |     8 |     7 ||    15
       Short sword       |    11 |    26 ||    37
       Quarterstaff      |       |    50 ||    50
 Cast: Freeze            |    57 |    18 ||    75
       Frozen Ramparts   |     1 |     8 ||     9
  Use: Potion            |       |     2 ||     2
       Scroll            |       |     1 ||     1
 Stab: Sleeping          |     1 |       ||     1
Armor: Skin              |    34 |    56 ||    90
Dodge: Dodged            |    67 |    78 ||   145
